 Dungeon Crawl Stone Soup version 0.30.0-29-ga12c61a403 (webtiles) character file.

Game seed: 12423951875986765646

190 qw the Chopper (level 5, 0/32 HPs)
             Began as a Gargoyle Fighter on June 4, 2023.
             Slain by an orc wizard
             ... wielding a +0 dagger
              (4 damage)
             ... on level 4 of the Dungeon.
             The game lasted 00:01:41 (2908 turns).

qw the Chopper (Gargoyle Fighter)                   Turns: 2908, Time: 00:01:41

Health: 0/32       AC: 14    Str: 22    XL:     5   Next: 69%
Magic:  5/5        EV:  8    Int:  8    God:
Gold:   78         SH:  4    Dex:  9    Spells: 4/4 levels left

rFire   . . .        Y - +0 war axe
rCold   . . .        c - +0 buckler
rNeg    + . .        a - +0 chain mail
rPois   inf          (no helmet)
rElec   +            (no cloak)
rCorr   .            h - +0 pair of gloves
SInv    .            (no boots)
Will    .....        (no amulet) Stlth
                     (no ring)
HPRegen 0.25/turn    (no ring)
MPRegen 0.09/turn

%: no passive effects
@: no status effects
A: sickness immunity, AC +4, negative energy resistance 1, electricity
resistance, torment resistance 1, petrification resistance
a: no special abilities


You were on level 4 of the Dungeon.
You visited 1 branch of the dungeon, and saw 4 of its levels.

You collected 78 gold pieces.


Innate Abilities, Weirdness & Mutations

You are immune to sickness and miasma.
Your stone body is resilient. (AC +4)
You are immune to poison.
You resist negative energy. (rN+)
You are resistant to electric shocks. (rElec)
You are resistant to unholy torment.
You are immune to petrification.


   Skills:
 + Level 3.5 Fighting
 - Level 5.1 Axes
 - Level 3.2 Armour
 - Level 3.2 Shields


You had 4 spell levels left.
You didn't know any spells.
Your spell library was empty.

Inventory:

Hand Weapons
 e - a +0 mace
 Y - a +0 war axe (weapon)
Armour
 a - a +0 chain mail (worn)
 c - a +0 buckler (worn)
 h - a +0 pair of gloves (worn)
Scrolls
 g - a scroll of identify
Potions
 d - a potion of might
 f - a potion of magic
 i - a potion of lignification {unknown}
 j - a potion of heal wounds {unknown}
 m - 2 potions of curing {unknown}

Dungeon Overview and Level Annotations

Branches:
Dungeon (4/15)
 Temple: D:4-7

Altars:
Elyvilon
Ru

Shops:
D:1 *


Message History

Something hits you but does no damage. x4
Something hits you but does no damage.
You miss something. You closely miss something.
You feel less confused.
You hear some strange, mumbled words.
You are confused.
Something hits you but does no damage. Something hits you but does no damage.
A magic dart appears from out of thin air!
The magic dart hits you!
You bump into the rock wall.
Something hits you but does no damage.
You miss something.
You hear some strange, mumbled words. x2
A magic dart appears from out of thin air!
The magic dart hits you.
You miss something.
You hear some strange, mumbled words.
A puff of flame appears from out of thin air!
The puff of flame hits you!
You bump into the rock wall.
You feel less confused.
An orc wizard appears from thin air!
Reactivating autopickup.
The orc wizard barely misses you.
You closely miss the orc wizard. The orc wizard barely misses you.
The orc wizard hits you but does no damage.
You closely miss the orc wizard.
An orc wizard appears from thin air!
The orc wizard hits you but does no damage.
You closely miss the orc wizard.
The orc wizard hits you but does no damage.
You barely miss the orc wizard.
The orc wizard hits you but does no damage.
You hit the orc wizard.
The orc wizard is lightly wounded.
The orc wizard hits you but does no damage.
The orc wizard hits you with a +0 dagger.
You die...

..... ####.....
###........ #.........
####### #........
#.....####.....# .
#...#.#oo@.#.....##....
...
#.####.............. >
# .. #####.######.#.#.
o.. ###'######.#.#.
.... #.......##.#.#.
..o.. #.......##.#.#.
....J. #.......##.#...
###.######.....
####.######..#.#


You could see 2 orc wizards.

Vanquished Creatures
  A scorpion (D:4)
  6 adders
  A worm (D:3)
  4 dart slugs
  An orc (D:4)
  8 endoplasms
  6 giant cockroaches
  3 goblins
  5 hobgoblins
  7 kobolds
  A quokka (D:2)
  8 ball pythons
  5 bats
  4 frilled lizards
  5 rats
65 creatures vanquished.

Notes
Turn   | Place    | Note
-------+----------+-------------------------------------------
     0 | D:1      | qw the Gargoyle Fighter began the quest for the Orb.
     0 | D:1      | Reached XP level 1. HP: 14/14 MP: 1/1
     0 | D:1      | 0 ||| qw: Version: 0.2-a-107-g4668610
     0 | D:1      | 0 ||| qw: Game counter: 1242
     0 | D:1      | 0 ||| qw: Always use a shield: true
     0 | D:1      | 0 ||| qw: God list: Okawaru
     0 | D:1      | 0 ||| qw: Allow faded altars: false
     0 | D:1      | 0 ||| qw: Do Orc after D:15 true
     0 | D:1      | 0 ||| qw: Do second Lair branch before Depths: true
     0 | D:1      | 0 ||| qw: Lair rune preference: random
     0 | D:1      | 0 ||| qw: Plans: Normal, Zot:1-4, Slime:5, God:TSO, Crypt,
                  | Tomb, Abyss, Pan, Hells, Win
     0 | D:1      | 0 ||| PLANNING D:1-11
     5 | D:1      | Found Budut's General Store.
    21 | D:1      | 21 ||| SHOPLISTING +2 plate armour of positive energy (518
                  | gold, have 0).
    21 | D:1      | 21 ||| SHOPLISTING potion of attraction (42 gold, have 0).
    21 | D:1      | 21 ||| SHOPLISTING potion of heal wounds (70 gold, have 0).
   123 | D:1      | 123 ||| Stepping ~*~*~tactically~*~*~ (stealth).
   130 | D:1      | Reached skill level 2 in Axes
   163 | D:1      | Reached XP level 2. HP: 17/19 MP: 2/2
   226 | D:1      | 226 ||| Stepping ~*~*~tactically~*~*~ (hiding).
   489 | D:1      | 489 ||| Stepping ~*~*~tactically~*~*~ (hiding).
   853 | D:1      | 853 ||| UPGRADING to +0 pair of gloves.
   858 | D:1      | 858 ||| DROPPING amulet of magic regeneration.
   859 | D:1      | 859 ||| READING scroll labelled XATSA USIA.
   863 | D:1      | 863 ||| READING 2 scrolls labelled VEDGHI EREIKENI.
   864 | D:1      | 864 ||| READING scroll labelled BUIG HOIQI.
   907 | D:2      | 907 ||| Stepping ~*~*~tactically~*~*~ (hiding).
  1146 | D:2      | Reached skill level 3 in Axes
  1175 | D:2      | 1175 ||| READING scroll labelled WOEDWYICAK.
  1242 | D:2      | 1242 ||| READING scroll labelled TUNEYMYIQA.
  1250 | D:2      | Reached XP level 3. HP: 23/23 MP: 3/3
  1371 | D:2      | 1371 ||| Stepping ~*~*~tactically~*~*~ (stealth).
  1417 | D:2      | 1417 ||| Stepping ~*~*~tactically~*~*~ (stealth).
  1499 | D:2      | Reached XP level 4. HP: 28/28 MP: 4/4
  1620 | D:2      | Reached skill level 4 in Axes
  1837 | D:2      | 1837 ||| UPGRADING to +0 chain mail.
  1847 | D:2      | 1847 ||| DROPPING +0 scale mail.
  1944 | D:3      | 1944 ||| Stepping ~*~*~tactically~*~*~ (stealth).
  2012 | D:3      | 2012 ||| Stepping ~*~*~tactically~*~*~ (stealth).
  2013 | D:3      | 2013 ||| Stepping ~*~*~tactically~*~*~ (stealth).
  2019 | D:3      | 2019 ||| DROPPING +0 club.
  2431 | D:3      | Reached XP level 5. HP: 31/32 MP: 5/5
  2640 | D:3      | Found a white marble altar of Elyvilon.
  2640 | D:3      | Found a sacrificial altar of Ru.
  2641 | D:3      | 2641 ||| READING scroll labelled CAIROPSO YBREA.
  2642 | D:3      | 2642 ||| READING scroll labelled WEGEKKI NOODGH.
  2643 | D:3      | 2643 ||| READING scroll labelled FEGO TIRICANA.
  2644 | D:3      | 2644 ||| READING 3 scrolls of identify.
  2644 | D:3      | 2644 ||| IDENTIFYING fuming inky potion
  2645 | D:3      | 2645 ||| READING 2 scrolls of identify.
  2645 | D:3      | 2645 ||| IDENTIFYING sedimented cyan potion
  2646 | D:3      | 2646 ||| DROPPING potion of degeneration.
  2679 | D:4      | 2679 ||| PLANNING SEWER
  2760 | D:4      | Reached skill level 5 in Axes
  2867 | D:4      | 2867 ||| Stepping ~*~*~tactically~*~*~ (stealth).
  2869 | D:4      | 2869 ||| Stepping ~*~*~tactically~*~*~ (hiding).
  2902 | D:4      | HP: 2/32 [something/puff of flame (8)]
  2908 | D:4      | Slain by an orc wizard

Levels and vault maps discovered:
D:1:      dpeg_arrival_arbitrary_c, layout_loops_ring, serial_shops,
          nicolae_shop_window_shopping, minmay_distorted
D:2:      layout_basic, grunt_decor_cap, minmay_puff
D:3:      layout_basic, gammafunk_temple_overflow_wave, serial_glass,
          glass_columns_a, glass_columns_a, glass_columns_a, glass_columns_a,
          glass_columns_b, glass_columns_a
D:4:      minmay_skewed_foursquare, layout_basic, mainiacjoe_overflow_brackets,
          cheibrodos_sewer_entry_bend

Skill      XL: |  1  2  3  4  5 |
---------------+----------------+-----
Axes           | 2 3 4 5 |  5.1
Fighting       | |  3.5
Armour         | |  3.2
Shields        | |  3.2

Action                     |  1- 3 |  4- 6 || total
---------------------------+-------+-------++-------
  Melee: War axe           |   123 |   132 ||   255
    Use: Scroll            |     5 |     5 ||    10
 Armour: Scale mail        |    70 |    10 ||    80
         Chain mail        |       |    80 ||    80
  Dodge: Dodged            |    58 |    43 ||   101
  Block: Buckler           |    28 |    19 ||    47

Table legend:
 A = Non-vault XP
 B = Vault XP
 C = Vault XP percentage of total XP
 D = Non-vault monster count
 E = Vault monster count
 F = Vault count percentage of total count
                 A         B        C        D         E       F
            +---------+---------+-------+---------+---------+-------
      Total |     250 |      22 |   8.1 |      60 |       5 |   7.7
            +---------+---------+-------+---------+---------+-------
        D:1 |      18 |       4 |  18.2 |      12 |       2 |  14.3
        D:2 |      79 |       4 |   4.8 |      23 |       2 |   8.0
        D:3 |      65 |       0 |   0.0 |      22 |       0 |   0.0
        D:4 |      88 |      14 |  13.7 |       3 |       1 |  25.0
            +---------+---------+-------+---------+---------+-------
